 Dungeon Crawl Stone Soup version 0.31-a0-152-g6aa68a64a1 (webtiles) character file.

Game seed: 2570206486328916532

50 qw the Shooter (level 3, 0/32 HPs)
             Began as a Naga Hunter on June 10, 2023.
             Slain by Sigmund
             ... wielding a +0 scythe
              (12 damage)
             ... on level 1 of the Dungeon.
             The game lasted 00:01:08 (1392 turns).

qw the Shooter (Naga Hunter)                        Turns: 1392, Time: 00:01:08

Health: 0/32       AC:  2    Str: 13    XL:     3   Next: 79%
Magic:  3/3        EV:  9    Int:  9    God:
Gold:   46         SH:  0    Dex: 16    Spells: 2/2 levels left

rFire   . . .        Y - +0 shortbow
rCold   . . .        (shield currently unavailable)
rNeg    . . .        c - +0 leather armour
rPois   +            (no helmet)
rElec   .            (no cloak)
rCorr   .            (no gloves)
SInv    +            (no barding)
Will    .....        (no amulet)
Stlth   ++           (no ring)
HPRegen 0.25/turn    (no ring)
MPRegen 0.08/turn

%: no passive effects
@: very slow
A: AC +1, large, see invisible, deformed body, poison resistance, slowness 2,
spit poison 1, naga tail 1
a: Spit Poison


You were on level 1 of the Dungeon.
You visited 1 branch of the dungeon, and saw 2 of its levels.

You collected 46 gold pieces.


Innate Abilities, Weirdness & Mutations

Your serpentine skin is tough. (AC +1)
You have supernaturally acute eyesight. (SInv)
Armour fits poorly on your strangely shaped body.
Your system is resistant to poisons. (rPois)
You cover ground very slowly.
You can spit poison.
You have a snake-like lower body.


   Skills:
 - Level 2.0 Fighting
 + Level 4.9 Ranged Weapons
 - Level 1.5 Dodging
 - Level 1.5 Stealth


You had 2 spell levels left.
You didn't know any spells.
Your spell library was empty.

Inventory:

Hand Weapons
 Y - a +0 shortbow (weapon)
Armour
 c - a +0 leather armour (worn)
Scrolls
 f - a scroll of identify
Potions
 e - a potion of curing {unknown}

Dungeon Overview and Level Annotations

Branches:
Dungeon (2/15)

Altars:

Annotations:
D:1 Sigmund
D:2 Robin


Message History

Sigmund is moderately wounded.
Sigmund barely misses you.
You shoot an arrow. The arrow hits Sigmund.
Sigmund is moderately wounded.
Robin roars a battlecry!
The goblin goes into a battle-frenzy!
You shoot an arrow. The arrow closely misses Sigmund.
The arrow closely misses the goblin.
The arrow closely misses Robin.
Sigmund closely misses you.
You shoot an arrow. The arrow barely misses Sigmund.
The arrow hits the goblin.
The goblin is heavily wounded.
Sigmund hits you with a +0 scythe!
1386 ||| STAIRDANCE Sigmund hits you with a +0 scythe.
You climb upwards.
You have got your breath back.
There is a stone staircase leading down here.
1388 ||| INVOKING Spit Poison.
Aiming: Spit Poison (2% risk of failure)
Press: ? - help, Shift-Dir - straight line, f - Sigmund The splash of poison hits Sigmund.
Sigmund is poisoned.
Sigmund is moderately wounded.
You shoot an arrow. The arrow closely misses Sigmund.
Sigmund hits you with a +0 scythe!
You are too injured to fight recklessly!
You shoot an arrow. The arrow hits Sigmund.
Sigmund is heavily wounded.
Sigmund barely misses you.
You are too injured to fight recklessly!
You shoot an arrow. The arrow hits Sigmund.
Sigmund is severely wounded.
You have got your breath back.
Sigmund gestures wildly while chanting.
Sigmund flickers and vanishes for a moment.
1392 ||| INVOKING Spit Poison.
Aiming: Spit Poison (2% risk of failure)
Press: ? - help, Shift-Dir - straight line, f/p - Sigmund You fail to use your ability.
Sigmund hits you with a +0 scythe!
You die...

#......#..¤¤¤##.............#
#......#%.¤¤¤####'###.......#
#......#.....# #.# #.......#
#......####### #.# #########
#......# #######.##### #......#
#...........# #......#
#.####......# #......# #.#
#@.....# #......# #.# #@.....#
#......# #.# ######## #
#.###'#####.# ##### #
#.##......#.# #...# #########
#.##...##.#.# #...######........
#.##...##.#.# #.................
.......##.#.# #.................
..#....##.#.####.................
..#.#####.)........##############


You could see Sigmund (invisible, poisoned).

Vanquished Creatures
  A gnoll (D:1)
  4 bats (D:1)
  An endoplasm (D:1)
  2 giant cockroaches
  7 goblins
  8 hobgoblins
  4 jackals (D:1)
  4 kobolds (D:1)
  A frilled lizard (D:1)
  2 rats (D:1)
34 creatures vanquished.

Notes
Turn   | Place    | Note
-------+----------+-------------------------------------------
     0 | D:1      | qw the Naga Hunter began the quest for the Orb.
     0 | D:1      | Reached XP level 1. HP: 19/19 MP: 1/1
     0 | D:1      | 0 ||| qw: Version: 0.2-a-123-gb51047a
     0 | D:1      | 0 ||| qw: Game counter: 3683
     0 | D:1      | 0 ||| qw: Always use a shield: true
     0 | D:1      | 0 ||| qw: God list: Okawaru
     0 | D:1      | 0 ||| qw: Allow faded altars: false
     0 | D:1      | 0 ||| qw: Do Orc after D:15 true
     0 | D:1      | 0 ||| qw: Do second Lair branch before Depths: true
     0 | D:1      | 0 ||| qw: Lair rune preference: random
     0 | D:1      | 0 ||| qw: Plans: Normal
     0 | D:1      | 0 ||| PLANNING D:1-11
    31 | D:1      | 31 ||| INVOKING Spit Poison.
    45 | D:1      | 45 ||| INVOKING Spit Poison.
    65 | D:1      | Reached skill level 4 in Ranged Weapons
    65 | D:1      | Reached XP level 2. HP: 26/26 MP: 2/2
    66 | D:1      | 66 ||| INVOKING Spit Poison.
    73 | D:1      | 73 ||| INVOKING Spit Poison.
   162 | D:1      | 162 ||| INVOKING Spit Poison.
   189 | D:1      | Found a faded altar of an unknown god.
   190 | D:1      | Noticed an eye of devastation
   194 | D:1      | Noticed a great orb of eyes
   198 | D:1      | Noticed a golden eye
   198 | D:1      | Noticed a shining eye
   201 | D:1      | 201 ||| INVOKING Spit Poison.
   223 | D:1      | 223 ||| INVOKING Spit Poison.
   226 | D:1      | 226 ||| Stepping ~*~*~tactically~*~*~ (outnumbered).
   229 | D:1      | 229 ||| INVOKING Spit Poison.
   234 | D:1      | 234 ||| INVOKING Spit Poison.
   278 | D:1      | 278 ||| INVOKING Spit Poison.
   279 | D:1      | 279 ||| INVOKING Spit Poison.
   283 | D:1      | 283 ||| INVOKING Spit Poison.
   286 | D:1      | 286 ||| INVOKING Spit Poison.
   600 | D:1      | 600 ||| INVOKING Spit Poison.
   605 | D:1      | 605 ||| DROPPING +6 ring of intelligence.
   607 | D:1      | 607 ||| READING scroll labelled LOLODGH NOCO.
   609 | D:1      | 609 ||| INVOKING Spit Poison.
   610 | D:1      | Reached XP level 3. HP: 15/32 MP: 3/3
   877 | D:1      | 877 ||| INVOKING Spit Poison.
   915 | D:1      | 915 ||| READING 2 scrolls labelled XAKACI VEJE.
   916 | D:1      | 916 ||| DROPPING scroll of butterflies.
  1229 | D:1      | 1229 ||| READING scroll labelled KIETUL MUAPPI.
  1248 | D:2      | 1248 ||| INVOKING Spit Poison.
  1254 | D:2      | 1254 ||| INVOKING Spit Poison.
  1255 | D:2      | 1255 ||| STAIRDANCE
  1277 | D:2      | 1277 ||| INVOKING Spit Poison.
  1281 | D:2      | Noticed Sigmund
  1282 | D:2      | 1282 ||| INVOKING Spit Poison.
  1286 | D:2      | 1286 ||| INVOKING Spit Poison.
  1289 | D:2      | 1289 ||| INVOKING Spit Poison.
  1291 | D:2      | 1291 ||| STAIRDANCE
  1293 | D:2      | 1293 ||| STAIRDANCE
  1381 | D:2      | Noticed Robin
  1382 | D:2      | 1382 ||| INVOKING Spit Poison.
  1386 | D:2      | 1386 ||| STAIRDANCE
  1388 | D:1      | 1388 ||| INVOKING Spit Poison.
  1392 | D:1      | 1392 ||| INVOKING Spit Poison.
  1392 | D:1      | Slain by Sigmund

Levels and vault maps discovered:
D:1:      scummos_arrival_simple_fountains, layout_basic,
          hellmonk_ecumenical_altar_watching_god
D:2:      layout_basic, uniq_robin, uniq_sigmund

Skill      XL: |  1 |
---------------+----+-----
Ranged Weapons | 4 |  4.9
Fighting       | |  2.0
Dodging        | |  1.5
Stealth        | |  1.5

Action                     || total
---------------------------++-------
   Fire: Shortbow          ||    62
Ability: Spit Poison       ||    23
    Use: Scroll            ||     3
 Armour: Leather armour    ||     7
  Dodge: Dodged            ||    27

Table legend:
 A = Non-vault XP
 B = Vault XP
 C = Vault XP percentage of total XP
 D = Non-vault monster count
 E = Vault monster count
 F = Vault count percentage of total count
                 A         B        C        D         E       F
            +---------+---------+-------+---------+---------+-------
      Total |      52 |      20 |  27.8 |      23 |      11 |  32.4
            +---------+---------+-------+---------+---------+-------
        D:1 |      50 |       0 |   0.0 |      22 |       0 |   0.0
        D:2 |       2 |      20 |  90.9 |       1 |      11 |  91.7
            +---------+---------+-------+---------+---------+-------
